 Dungeon Crawl Stone Soup version 0.20.1-1-g8b1a95d (console) character file.

235 hilaritas the Chopper (level 6, -5/51 HPs)
             Began as a Hill Orc Fighter on Nov 4, 2017.
             Was an Initiate of Beogh.
             Slain by Natasha (6 damage)
             ... on level 3 of the Dungeon.
             The game lasted 00:05:46 (2524 turns).

hilaritas the Chopper (Hill Orc Fighter)            Turns: 2524, Time: 00:05:47

Health: -5/51      AC:  6    Str: 26    XL:     6   Next: 5%
Magic:  7/7        EV:  7    Int:  8    God:    Beogh [......]
Gold:   121        SH: 10    Dex: 10    Spells: 5/5 levels left

rFire    . . .     SeeInvis .   a - +0 war axe
rCold    . . .     Gourm    .   c - +0 shield
rNeg     . . .     Faith    .   b - +0 scale mail
rPois    .         Spirit   .   (no helmet)
rElec    .         Reflect  .   (no cloak)
rCorr    .         Harm     .   (no gloves)
MR       .....                  (no boots)
Stlth    ..........             (no amulet)
Regen    0.2/turn               (no ring)
MPRegen  0.1/turn               (no ring)

@: mighty, slowed, very slow
A: no striking features
a: Renounce Religion


You were on level 3 of the Dungeon.
You worshipped Beogh.
Beogh was noncommittal.
You were hungry.

You visited 1 branch of the dungeon, and saw 3 of its levels.

You collected 121 gold pieces.

Inventory:

Hand Weapons
 a - a +0 war axe (weapon)
 u - a +0 whip of draining
 v - a +0 hand axe
Armour
 b - a +0 scale mail (worn)
 c - a +0 shield (worn)
Scrolls
 e - 2 scrolls of identify {unknown}
 h - a scroll of magic mapping {unknown}
 k - a scroll of amnesia {unknown}
 m - a scroll of noise {unknown}
 n - a scroll of fog {unknown}
 o - 2 scrolls of recharging {unknown}
 p - a scroll of fear {unknown}
 q - 2 scrolls of remove curse {unknown}
 r - a scroll of immolation {unknown}
 s - 2 scrolls of teleportation {unknown}
Potions
 g - a potion of curing {unknown}
 j - a potion of haste {unknown}
 l - 2 potions of heal wounds {unknown}
 w - a potion of flight {unknown}
Comestibles
 f - 3 bread rations
 i - 4 meat rations
 t - 2 royal jellies


   Skills:
 - Level 3.6 Fighting
 * Level 6.9 Axes
 - Level 3.2 Armour
 + Level 4.5 Shields
 * Level 1.3 Invocations


You had 5 spell levels left.
You didn't know any spells.

Dungeon Overview and Level Annotations

Branches:
Dungeon (3/15)

Altars:
Vehumet

Annotations:
D:3 Natasha


Message History

The white imp barely misses you.
Unknown command.
You feel very mighty all of a sudden. You block Natasha's attack.
The gnoll sergeant hits you from afar with a spear of piercing.
* * * LOW HITPOINT WARNING * * *
x2 The white imp closely misses you.
You block Natasha's attack.
The gnoll sergeant hits you but does no damage.
Unknown command.
You slash Natasha!
Natasha is almost dead.
You closely miss the white imp. The white imp gestures at you.
The puff of frost hits you!
* * * LOW HITPOINT WARNING * * *
Natasha claws you!
* * * LOW HITPOINT WARNING * * *
The gnoll sergeant closely misses you. You block the white imp's attack.
Natasha claws you.
You die...

.# # .###.#### .........
(.######### .. ..#
#.#≈≈≈≈≈≈≈# >.# #..#
.)#≈≈...≈≈# #.. ...
.##≈..#..≈# #.# ..#
.##≈.###.≈# #.# ..#
.##≈..#..≈###.# ..#
.##≈≈...≈≈#...###..####$
.##≈≈≈.≈≈≈# #...@hg.....
.#####'#### #.###5g.....
.# #..# #.# g###### .#
#.## #.# .# .# #.# #.#
## .####.#######.#
..............#
...############ ##.# #>#
#.##


You could see a gnoll sergeant, Natasha, 2 gnolls and a white imp.

Vanquished Creatures
  A jelly (D:3)
  Natasha (twice) (D:3)
  6 adders
  An ooze (D:1)
  2 worms (D:3)
  A dart slug (D:3)
  2 leopard geckos (D:2)
  3 orcs (D:3)
  2 ball pythons
  5 giant cockroaches
  6 goblins
  7 hobgoblins
  14 jackals
  5 quokkas
  6 bats
  3 frilled lizards
  5 kobolds
  9 rats
80 creatures vanquished.

Vanquished Creatures (others)
  An orc (D:3)
  A frilled lizard (D:3)
2 creatures vanquished.

Grand Total: 82 creatures vanquished

Notes
Turn   | Place    | Note
-------+----------+-------------------------------------------
     0 | D:1      | hilaritas the Hill Orc Fighter began the quest for the Orb.
     0 | D:1      | Reached XP level 1. HP: 19/19 MP: 1/1
   107 | D:1      | Reached skill level 3 in Axes
   241 | D:1      | Reached XP level 2. HP: 26/26 MP: 2/2
   510 | D:1      | Reached skill level 4 in Axes
   517 | D:1      | Reached XP level 3. HP: 30/31 MP: 3/3
  1006 | D:2      | Found a radiant altar of Vehumet.
  1110 | D:2      | Reached skill level 5 in Axes
  1110 | D:2      | Reached XP level 4. HP: 39/39 MP: 4/4
  1646 | D:3      | Noticed Natasha
  1653 | D:3      | Killed Natasha
  1693 | D:3      | Noticed Natasha
  1697 | D:3      | Killed Natasha
  1697 | D:3      | Reached skill level 6 in Axes
  1697 | D:3      | Reached XP level 5. HP: 18/45 MP: 5/5
  2073 | D:3      | Became a worshipper of Beogh the Brigand
  2169 | D:3      | Reached skill level 1 in Invocations
  2289 | D:3      | Reached XP level 6. HP: 51/51 MP: 6/6
  2513 | D:3      | Noticed Natasha
  2524 | D:3      | HP: 1/51 [Natasha (8)]
  2524 | D:3      | Slain by Natasha

Skill      XL: |  1  2  3  4  5 |
---------------+----------------+-----
Axes           | 3 4 5 6 |  6.9
Shields        | 4 |  4.5
Invocations    | 1 |  1.3
Fighting       | |  3.6
Armour         | |  3.2

Action                   |  1- 3 |  4- 6 || total
-------------------------+-------+-------++-------
Melee: War axe           |    89 |   154 ||   243
Invok: Convert to Beogh  |       |     1 ||     1
  Use: Potion            |       |     1 ||     1
  Eat: Chunk             |     1 |     4 ||     5
Armor: Scale mail        |    40 |    65 ||   105
Dodge: Dodged            |    31 |    52 ||    83
Block: Shield            |    55 |    69 ||   124
